 Dungeon Crawl Stone Soup version 0.26-b1-32-g5d43845318 (webtiles) character file.

Game seed: 9619326374251808628

13202 Aviak the Fighter (level 11, -10/90 HPs)
             Began as a Demonspawn Wanderer on Jan 12, 2021.
             Was a Priest of Vehumet.
             Killed from afar by an efreet (19 damage)
             ... with a fireball
             ... on level 12 of the Dungeon.
             The game lasted 00:18:10 (12416 turns).

Aviak the Fighter (Demonspawn Wanderer)            Turns: 12416, Time: 00:18:10

Health: -10/90     AC: 18    Str: 14    XL:     11   Next: 72%
Magic:  0/15       EV: 14    Int: 15    God:    Vehumet [***...]
Gold:   343        SH:  5    Dex: 13    Spells: 14/16 levels left

rFire    . . .     SeeInvis +   H - +0 broad axe (vamp) {!w}
rCold    + . .     Faith    .   g - +0 buckler
rNeg     . . .     Spirit   +   v - +0 acid dragon scales {rCorr}
rPois    .         Reflect  .   p - +2 helmet
rElec    .         Harm     .   k - +1 cloak
rCorr    +         Rampage  .   y - +0 pair of gloves
Will     .....                  (boots unavailable)
Stlth    +.........             z - amulet of guardian spirit
HPRegen  0.25/turn              Z - ring of see invisible
MPRegen  0.14/turn              (no ring)

@: very slightly contaminated, invisible
A: hooves 3, icy blue scales 2, cold resistance 1, spiny 1
a: Renounce Religion


You were on level 12 of the Dungeon.
You worshipped Vehumet.
Vehumet was most pleased with you.
You visited 2 branches of the dungeon, and saw 14 of its levels.

You collected 615 gold pieces.
You spent 272 gold pieces at shops.

Inventory:

Hand Weapons
 a - a +0 hand crossbow
 H - a +0 vampiric broad axe (weapon) {!w}
 M - a +0 war axe of flaming
Missiles
 n - 67 bolts
Armour
 b - a +2 scale mail
 g - a +0 buckler (worn)
 k - a +1 cloak (worn)
 p - a +2 helmet (worn)
 v - +0 acid dragon scales (worn) {rCorr}
 y - a +0 pair of gloves (worn)
Jewellery
 j - an uncursed amulet of the acrobat
 z - an amulet of guardian spirit (around neck)
 O - an uncursed ring of magical power
 Z - a ring of see invisible (left hand)
Wands
 e - a wand of disintegration (5)
 E - a wand of polymorph (19)
 G - a wand of flame (18)
 K - a wand of iceblast (8)
 N - a wand of paralysis (8)
Scrolls
 d - 4 scrolls of fear
 f - 6 scrolls of enchant armour
 i - 3 scrolls of identify
 m - 3 scrolls of magic mapping
 o - 5 scrolls of amnesia
 r - 7 scrolls of remove curse
 s - a scroll of fog {unknown}
 t - 7 scrolls of teleportation
 u - a scroll of enchant weapon {unknown}
 x - 3 scrolls of blinking
 F - a scroll of noise {unknown}
 I - a scroll of torment {!r}
Potions
 c - 9 potions of curing
 l - 2 potions of cancellation
 q - 2 potions of attraction
 w - 6 potions of lignification {!q}
 B - 4 potions of degeneration {!q!q}
 C - a potion of might
 J - a potion of brilliance
 L - a potion of haste
Miscellaneous
 D - a condenser vane (inert)


   Skills:
 - Level 10.0 Fighting
 + Level 9.1 Axes
 - Level 1.0(5.7) Maces & Flails
 - Level 3.0 Crossbows
 - Level 8.4 Armour
 + Level 5.8 Dodging
 - Level 1.7 Stealth
 - Level 4.0 Shields
 + Level 3.2 Spellcasting
 + Level 3.5 Conjurations


You had 14 spell levels left.
You knew the following spells:

 Your Spells              Type           Power        Failure   Level
b - Searing Ray           Conj           26%          2%          2

Your spell library contained the following spells:

 Spells                   Type           Power        Failure   Level
 Airstrike                Air            1%           52%         4
 Animate Skeleton         Necr           4%           26%         1
 Apportation              Tloc           4%           26%         1
 Beastly Appendage        Tmut           4%           26%         1
 Pain                     Necr           8%           26%         1
 Wereblood                Tmut           2%           36%         2
 Iskenderun's Battlesphe  Conj           13%          38%         5
 Lesser Beckoning         Tloc           1%           61%         3
 Spider Form              Tmut/Pois      1%           61%         3
 Tukima's Dance           Hex            2%           61%         3
 Vampiric Draining        Necr           1%           61%         3
 Bolt of Magma            Conj/Fire/Erth 2%           71%         5
 Animate Dead             Necr           1%           95%         4
 Ice Form                 Ice/Tmut       2%           95%         4
 Iron Shot                Conj/Erth      3%           98%         6
 Agony                    Necr           2%           100%        5
 Alistair's Intoxication  Tmut/Pois      1%           100%        5
 Blade Hands              Tmut           1%           100%        5
 Invisibility             Hex            2%           100%        6
 Orb of Destruction       Conj           6%           100%        7
 Spellforged Servitor     Conj/Summ      3%           100%        7


Dungeon Overview and Level Annotations

Branches:
Dungeon (13/15)            Temple (1/1) D:5            Lair (0/6) D:11
    Orc (0/2) D:10
 Vaults: D:13-14

Altars:
Ashenzari
Cheibriados
Dithmenos
Elyvilon
Fedhas
Gozag
Hepliaklqana
Kikubaaqudgha
Makhleb
Nemelex Xobeh
Okawaru
Qazlal
Ru
Sif Muna
Trog
Uskayaw
Vehumet
Wu Jian
Xom
Yredelemnul
Zin
The Shining One

Shops:
D:8 (   D:9 }}=[

Annotations:
D:9 1 runed translucent door, kthxbai's ghost, novice DECj


Innate Abilities, Weirdness & Mutations

You have hooves in place of feet.
You are mostly covered in icy blue scales. (AC +3)
Your flesh is cold resistant. (rC+)
You are partially covered in sharp spines.


Message History

The efreet gestures at you. The bolt of fire hits you!
* * * LOW HITPOINT WARNING * * *
You feel much better. The efreet gestures at you.
The fireball explodes!
The fireball engulfs you!!
* * * LOW HITPOINT WARNING * * *
You hear a shout!
You hear an angry buzzing noise.
You fade into invisibility!
The efreet gestures at you.
The fireball explodes!
The fireball engulfs you!
* * * LOW HITPOINT WARNING * * *
You hear a shout!
You are very lightly contaminated with residual magic.
Evoke which item? (* to show all) (? for menu, Esc to quit)
Okay, then.
Okay, then.
The efreet gestures at something.
The fireball explodes!
The fireball engulfs you!!
You die...

#.#.#.#.#.....#.#.# #
#....#...#...#)†#.#.#
#.#.#.#.#.....#)#.#.#
.##.#.#.#..#..#..#..#
#################.###
# #.#...# ## ##.#†.#
.## #.#)R.# ..#
##@#..# ).# #.#...#
### ###.### .## .#.
#.. .#. #.# .# #.#...
.... .## .# ##... ..#
#.# ## #.##. ..# .##
#.##.###.###.
######### ### #####.#
.........


You could see an efreet.

Vanquished Creatures
  Harold (D:9)
  2 two-headed ogres
  A tengu warrior (D:12)
  Pikel (D:6)
  An ugly thing (D:12)
  A wolf spider (D:12)
  Joseph (D:9)
  A centaur skeleton (D:12)
  A komodo dragon (D:12)
  A harpy zombie (D:12)
  Prince Ribbit (D:8)
  5 trolls
  A shadow (D:12)
  A wraith (D:12)
  2 wyverns
  11 yaks
  A basilisk (D:12)
  Menkaure (D:6)
  A warg (D:10)
  2 water moccasins
  An acid dragon (D:12)
  4 orc warriors
  2 ice beasts
  4 sky beasts
  3 ogres
  2 centaurs
  2 big kobolds
  Blork the orc (D:6)
  5 bullfrogs
  5 scorpions
  5 killer bees
  A howler monkey (D:12)
  11 wights
  2 bullfrog zombies
  2 centaur zombies
  A jelly (D:12)
  Crazy Yiuf (D:2)
  8 orc priests
  3 bullfrog skeletons
  5 hounds
  7 orc wizards
  Terence (D:3)
  4 iguanas
  5 worker ants
  A hound skeleton (D:7)
  Robin (D:2)
  9 adders
  3 gnolls (D:3)
  A howler monkey skeleton (D:11)
  A white imp (D:10)
  An ooze (D:3)
  An adder zombie (D:5)
  An adder skeleton (D:4)
  3 worms
  2 dart slugs
  5 leopard geckos
  30 orcs
  5 bats
  5 giant cockroaches
  12 goblins
  8 hobgoblins
  4 jackals (D:3)
  17 kobolds
  2 quokkas
  A ball python (D:5)
  A frilled lizard (D:1)
  2 rats
238 creatures vanquished.

Vanquished Creatures (others)
  2 fungi
  5 plants
7 creatures vanquished.

Grand Total: 245 creatures vanquished

Notes
Turn   | Place    | Note
-------+----------+-------------------------------------------
     0 | D:1      | Aviak the Demonspawn Wanderer began the quest for the Orb.
     0 | D:1      | Aviak set off with the following items: a +0 hand crossbow,
                  | a +2 scale mail, 29 bolts, a +0 dagger, a scroll of
                  | teleportation
     0 | D:1      | Reached XP level 1. HP: 16/16 MP: 1/1
   560 | D:1      | Gained mutation: Your flesh is cold resistant. (rC+)
                  | [demonic ancestry]
   560 | D:1      | Reached XP level 2. HP: 22/22 MP: 2/2
  1280 | D:2      | Found an ornate altar of the Wu Jian Council.
  1309 | D:2      | Found a snail-covered altar of Cheibriados.
  1339 | D:2      | Gained mutation: You are partially covered in icy blue
                  | scales. (AC +2) [demonic ancestry]
  1339 | D:2      | Reached XP level 3. HP: 28/28 MP: 3/3
  1344 | D:2      | Noticed Robin
  1393 | D:2      | Killed Robin
  1925 | D:2      | Found Zin's Purification Station.
  1925 | D:2      | Found a glowing silver altar of Zin.
  1931 | D:2      | Bought a potion of curing for 90 gold pieces
  2201 | D:2      | Found a runed translucent door.
  2202 | D:2      | Noticed Crazy Yiuf
  2251 | D:2      | Killed Crazy Yiuf
  2252 | D:2      | Reached skill level 3 in Fighting
  2252 | D:2      | Reached XP level 4. HP: 15/35 MP: 2/4
  2539 | D:3      | Noticed Terence
  2555 | D:3      | Killed Terence
  2556 | D:3      | Reached XP level 5. HP: 37/41 MP: 5/5
  3300 | D:3      | Found a sparkling altar of Nemelex Xobeh.
  3519 | D:4      | Found a hazy altar of Hepliaklqana.
  3563 | D:4      | Reached skill level 4 in Fighting
  3563 | D:4      | Reached XP level 6. HP: 26/48 MP: 6/6
  3732 | D:4      | Reached skill level 5 in Armour
  3744 | D:4      | Reached skill level 1 in Axes
  4043 | D:4      | Found a bloodstained altar of Trog.
  4066 | D:4      | Found a basalt altar of Yredelemnul.
  4193 | D:4      | Gained mutation: You have large cloven feet. [demonic
                  | ancestry]
  4193 | D:4      | Reached XP level 7. HP: 41/55 MP: 7/7
  4383 | D:5      | Entered Level 5 of the Dungeon
  4857 | D:5      | Reached skill level 5 in Fighting
  5145 | D:5      | Found a staircase to the Ecumenical Temple.
  5234 | Temple   | Entered the Ecumenical Temple
  5366 | D:6      | Found a radiant altar of Vehumet.
  5409 | D:6      | Became a worshipper of Vehumet
  5431 | D:6      | Noticed Menkaure
  5442 | D:6      | Killed Menkaure
  5443 | D:6      | Gained mutation: You have hoof-like feet. [demonic
                  | ancestry]
  5443 | D:6      | Reached XP level 8. HP: 42/64 MP: 8/8
  5581 | D:6      | Noticed Pikel
  5594 | D:6      | Killed Pikel
  5595 | D:6      | Reached skill level 6 in Fighting
  5773 | D:6      | Noticed Blork the orc
  5778 | D:6      | Killed Blork the orc
  5800 | D:6      | Found an opulent altar of Gozag.
  6143 | D:7      | Reached skill level 7 in Fighting
  6512 | D:7      | Reached skill level 5 in Axes
  6577 | D:7      | Found a bloodstained altar of Trog.
  6585 | D:7      | Found an ancient bone altar of Kikubaaqudgha.
  6754 | D:8      | Gained mutation: You are mostly covered in icy blue scales.
                  | (AC +3) [demonic ancestry]
  6754 | D:8      | Reached XP level 9. HP: 65/72 MP: 9/9
  6967 | D:8      | Found Hesav's Antique Weapon Shoppe.
  6988 | D:8      | Reached * piety under Vehumet
  6988 | D:8      | Offered knowledge of Freeze by Vehumet.
  7013 | D:8      | Bought a glowing broad axe for 182 gold pieces
  7403 | D:8      | Found a shadowy altar of Dithmenos.
  7495 | D:9      | Found a runed translucent door.
  7496 | D:9      | Noticed Harold
  7813 | D:9      | Noticed Prince Ribbit
  7850 | D:8      | Killed Prince Ribbit
  8194 | D:8      | Reached skill level 8 in Fighting
  8668 | D:9      | Got a scorched flail
  8669 | D:9      | Identified the cursed +0 flail of Hubris {protect, rElec
                  | Str+4} (You found it on level 9 of the Dungeon)
  8722 | D:9      | Found Meifemuy's Jewellery Boutique.
  8722 | D:9      | Found Apuilawy's Gadget Boutique.
  8742 | D:9      | Found Qiut's Antique Armour Boutique.
  8743 | D:9      | Found Bocko Geisi's Gadget Boutique.
  8852 | D:9      | Noticed Joseph
  8884 | D:9      | Killed Joseph
  9039 | D:9      | Gained mutation: You are partially covered in sharp spines.
                  | [demonic ancestry]
  9039 | D:9      | Reached XP level 10. HP: 67/82 MP: 10/10
  9045 | D:9      | Reached skill level 1 in Dodging
  9045 | D:9      | Reached skill level 1 in Shields
  9079 | D:9      | Killed Harold
  9080 | D:9      | Reached skill level 9 in Fighting
  9086 | D:9      | Identified the +1 spear "Burudgh" {vamp, Dex+3}
  9255 | D:9      | Noticed kthxbai's ghost (novice DECj)
  9282 | D:10     | Entered Level 10 of the Dungeon
  9331 | D:9      | Offered knowledge of Sandblast by Vehumet.
  9628 | D:10     | Reached ** piety under Vehumet
  9896 | D:10     | Found a staircase to the Orcish Mines.
 10128 | D:10     | Noticed a two-headed ogre
 10162 | D:10     | Killed a two-headed ogre
 10530 | D:11     | Found a staircase to the Lair.
 10569 | D:11     | You fall into a shaft and drop 2 floors!
 10585 | D:13     | Noticed a red ugly thing
 10622 | D:12     | Noticed a two-headed ogre
 10651 | D:12     | Killed a two-headed ogre
 10652 | D:12     | Gained mutation: You have hooves in place of feet. [demonic
                  | ancestry]
 10652 | D:12     | Reached XP level 11. HP: 38/90 MP: 3/11
 11243 | D:11     | Reached skill level 10 in Fighting
 11298 | D:11     | Offered knowledge of Searing Ray by Vehumet.
 11303 | D:11     | Learned a level 2 spell: Searing Ray
 11359 | D:11     | Reached skill level 1 in Conjurations
 11435 | D:11     | Reached skill level 1 in Spellcasting
 11439 | D:11     | Reached *** piety under Vehumet
 11657 | D:11     | Found an iron altar of Okawaru.
 11882 | D:12     | Reached skill level 5 in Dodging
 12070 | D:12     | Noticed a tengu warrior
 12115 | D:12     | Killed a tengu warrior
 12363 | D:12     | Noticed a wolf spider
 12368 | D:12     | Killed a wolf spider
 12368 | D:12     | Offered knowledge of Airstrike by Vehumet.
 12397 | D:12     | Noticed a red ugly thing
 12401 | D:12     | Killed a red ugly thing
 12416 | D:12     | Killed from afar by an efreet

Illustrated notes

Levels and vault maps discovered:
D:1:      shiori_arrival_maze, layout_basic
D:2:      layout_basic, lemuel_crystal_altar, zin_purify,
          overflow_temple_1_default, uniq_robin, uniq_crazy_yiuf_cottage
D:3:      layout_loops_ring, serial_rivers, chequers_serial_rivers_small_a,
          chequers_serial_rivers_room_a, chequers_serial_rivers_large_a,
          chequers_serial_rivers_room_a, nemelex_diamond_rough_becter,
          uniq_terence
D:4:      layout_rooms, general_overflow_altar, overflow_temple_1_default,
          kennysheep_mini, kennysheep_generic_room_2
D:5:      minmay_evil_eye, layout_basic, minmay_temple_entry_glassed_door
D:6:      layout_rooms, kennysheep_mini_moat, fiery_altar_vehumet,
          uniq_blork_the_orc, uniq_menkaure, uniq_pikel
D:7:      wander_river, layout_loops_corners, nicolae_overflow_crystal_walls,
          bloody_trog
D:8:      layout_basic, lemuel_round_altar, serial_shops,
          nicolae_shop_overgrown_old_shop
D:9:      minmay_polygon_palace, layout_basic, ebering_ghost_funeral_grove,
          minmay_shop_grid_forest, uniq_harold, uniq_joseph, uniq_prince_ribbit1
D:10:     layout_cave_pools, david_orc_1_choice
D:11:     layout_loops_cross, lair_entry_dummy, okawaru_ov_weapons_minmay
D:12:     minmay_the_grid_square_5x5_4x4
          [minmay_the_grid_square_5x5_hollow_slash,
          minmay_the_grid_square_5x5_fancy_junction,
          minmay_the_grid_square_5x5_inner_z, minmay_the_grid_square_5x5_six,
          minmay_the_grid_square_5x5_checkered,
          minmay_the_grid_square_5x5_prize_itemx,
          minmay_the_grid_square_5x5_prize_pseudospiral,
          minmay_the_grid_square_5x5_six_small,
          minmay_the_grid_square_5x5_half_checkered,
          minmay_the_grid_square_5x5_prize_gold,
          minmay_the_grid_square_5x5_prize_snowflake,
          minmay_the_grid_square_5x5_slash,
          minmay_the_grid_square_5x5_sharp_hourglass,
          minmay_the_grid_square_5x5_fat_x, minmay_the_grid_square_5x5_comb,
          minmay_the_grid_square_5x5_eight_small], layout_small_grid,
          minmay_misc_feat_enclosed
D:13:     layout_grid_maze, grunt_vaults_entry_fortified, serial_shops,
          nicolae_shop_temple_entry_statues_fountains, hex_tiny, uniq_erolcha
Temple:   nicolae_temple_hex_pool

Skill      XL: |  1  2  3  4  5  6  7  8  9 10 11 |
---------------+----------------------------------+-----
Armour         | 4 5 6 7 8 |  8.4
Crossbows      | 2 3 |  3.0
Fighting       | 3 4 5 7 8 9 10 | 10.0
Axes           | 1 3 5 6 8 9 |  9.1
Dodging        | 4 5 |  5.8
Shields        | 4 |  4.0
Conjurations   | 3 |  3.5
Spellcasting   | 3 |  3.2
Maces & Flails | |  1.0
Stealth        | |  1.7

Action                   |  1- 3 |  4- 6 |  7- 9 | 10-12 || total
-------------------------+-------+-------+-------+-------++-------
Melee: Dagger            |    38 |   103 |       |       ||   141
       Hand axe          |       |    39 |   190 |       ||   229
       Broad axe         |       |       |   182 |   290 ||   472
       Kick              |       |       |       |    43 ||    43
 Fire: Hand crossbow     |    63 |    37 |       |       ||   100
 Cast: Searing Ray       |       |       |       |     1 ||     1
Evoke: Wand              |       |       |     6 |     6 ||    12
       Condenser vane    |       |       |       |     1 ||     1
  Use: Scroll            |     4 |       |    11 |     2 ||    17
       Potion            |     1 |       |     2 |     3 ||     6
Armor: Scale mail        |    41 |    72 |   256 |    75 ||   444
       Acid dragon scale |       |       |       |    96 ||    96
Dodge: Dodged            |    36 |    86 |   184 |   254 ||   560
Block: Buckler           |       |       |     3 |    92 ||    95
